 Dungeon Crawl Stone Soup version bcrawl-1.39.1 (webtiles) character file.

Game seed: 15714616971758983183

476785 Grijm the Brawler (level 16, -1/134 HPs)
             Began as a Pale Draconian Martial Artist on Sept 25, 2023.
             Was a High Priest of Wu Jian.
             Slain by an emperor scorpion (2 damage)
             ... on level 3 of the Spider Nest.
             The game lasted 01:37:17 (27266 turns).

Grijm the Brawler (Pale Draconian Martial Artist)  Turns: 27266, Time: 01:37:18

Health: -1/134     AC: 15    Str: 23 (24) XL:     16   Next: 12%
Magic:  22/22      EV:  6    Int: 13 (14) God:    Wu Jian [*****.]
Gold:   947        SH:  0    Dex: 15      Spells: 18/19 levels left

rFire    + + +     GDR:     27%   - Fists (36.4)
rCold    + + .     SeeInvis +   T - +7 large shield of the Morning Star {rPois Str+5 Dex+2 Stlth+}
rNeg     . . .     Gourm    .   (armour unavailable)
rPois    +         Faith    .   (helmet restricted)
rElec    +         Spirit   .   g - scarf {rC+ rF+}
rCorr    .         Reflect  +   L - +2 pair of gloves
MR       +....                  F - +2 pair of boots
Stlth    +.........             H - amulet of Sodesut {Reflect rF+ rC+ SH+3}
HPRegen  0.32/turn              X - ring "Sachal" {*Contam +Fly rElec rPois rC+, pickup}
MPRegen  0.18/turn              Z - ring "Gowucum" {Fire Str-2 Int+3 SInv}

@: confused, lethally poisoned (-1 -> -10), flying, held, glowing, heavenly
storm
A: breathe steam, unfitting armour, cold-blooded, AC +9
a: Breathe Steam, Wall Jump, Serpent's Lash, Heavenly Storm, Renounce Religion,
Stop Flying


You were on level 3 of the Spider Nest.
You worshipped Wu Jian.
Wu Jian was extremely pleased with you.
You were not hungry.

You visited 4 branches of the dungeon, and saw 22 of its levels.
You visited 1 bazaar.
You also visited: Ossuary and Ice Cave.

You collected 2656 gold pieces.
You spent 1709 gold pieces at shops.

Inventory:

Missiles
 j - 91 javelins
 v - 320 poisoned tomahawks (quivered)
 C - 43 curare-tipped needles
Armour
 g - a scarf of resistance (worn)
 F - a +2 pair of boots (worn)
 L - a +2 pair of gloves (worn)
 T - the +7 large shield of the Morning Star (worn) {rPois Str+5 Dex+2 Stlth+}
   (You found it on level 1 of the Spider Nest)

   It affects your strength (+5).
   It affects your dexterity (+2).
   It protects you from poison.
   It makes you more stealthy.
Jewellery
 n - an uncursed ring of protection from fire
 H - the amulet of Sodesut (around neck) {Reflect rF+ rC+ SH+3}
   (You took it off a necromancer on level 6 of the Lair of Beasts)

   [amulet of reflection]

   It shields you and reflects attacks.
   It protects you from fire.
   It protects you from cold.
   It affects your SH (+3).
 M - an uncursed ring of protection from magic
 X - the ring "Sachal" (left hand) {*Contam +Fly rElec rPois rC+, pickup}
   (You bought it in a shop in a bazaar)

   [ring of flight]

   It protects you from cold.
   It insulates you from electricity.
   It protects you from poison.
   It lets you fly.
   It causes magical contamination when unequipped.
 Z - the ring "Gowucum" (right hand) {Fire Str-2 Int+3 SInv}
   (You found it on level 4 of the Lair of Beasts)

   [ring of fire]

   It enhances your fire magic.
   It affects your strength (-2).
   It affects your intelligence (+3).
   It protects you from fire.
   It makes you vulnerable to cold.
   It lets you see invisible.
Wands
 f - a wand of digging (18)
 x - a wand of polymorph (30)
 J - a wand of scattershot (4)
 R - a wand of acid (29)
 W - a wand of charming (20)
 Y - a wand of paralysis (6)
Scrolls
 d - 9 scrolls of remove curse
 i - 2 scrolls of identify
 r - 8 scrolls of amnesia
 t - 2 scrolls of teleportation
 u - 4 scrolls of fear
 y - 5 scrolls of immolation
 A - 7 scrolls of revelation
 B - 2 scrolls of noise
 I - 2 scrolls of fog
 K - 5 scrolls of enchant armour
 O - 5 scrolls of vulnerability
 P - a scroll of silence
 U - 3 scrolls of summoning
 V - 4 scrolls of blinking
Potions
 a - 2 potions of agility
 c - 5 potions of ambrosia
 h - 5 potions of mutation
 k - a potion of magic
 m - 5 potions of haste
 o - 2 potions of resistance
 p - 6 potions of lignification
 q - 11 potions of curing
 s - 6 potions of might
 w - 7 potions of flight
 z - 4 potions of brilliance
 E - a potion of invisibility
 N - 2 potions of berserk rage
 Q - 2 potions of cancellation
Miscellaneous
 b - a fan of gales (2/2)
 D - a box of beasts
 S - a lightning rod (4/4)
Comestibles
 e - 26 rations {!d}


   Skills:
 - Level 10.0 Fighting
 - Level 10.0 Dodging
 - Level 1.0 Stealth
 + Level 13.3 Shields
 - Level 20.0 Unarmed Combat
 - Level 2.0 Spellcasting
 - Level 2.0 Hexes
 - Level 8.0 Evocations


You had 18 spell levels left.
You knew the following spells:

 Your Spells              Type           Power        Failure   Level  Hunger
a - Confusing Touch       Hex            #.......     99%         1    None

Your spell library contained the following spells:

 Spells                   Type           Power        Failure   Level  Hunger
 Corona                   Hex            #......      99%         1    None
 Magic Dart               Conj           #...         100%        1    None
 Summon Small Mammal      Summ           #...         100%        1    None
 Blink                    Tloc           N/A          100%        2    ##.....
 Call Imp                 Summ           #.....       100%        2    ##.....
 Shackle                  Hex            #.......     100%        2    ##.....
 Call Canine Familiar     Summ           #.......     100%        3    ####...
 Conjure Flame            Conj/Fire      #.......     100%        3    ####...
 False Image              Hex/Summ       #.......     100%        3    ####...
 Inner Flame              Hex/Fire       N/A          100%        3    ####...
 Mephitic Cloud           Conj/Pois/Air  #.......     100%        3    ####...
 Spider Form              Tmut/Pois      #..          100%        3    ####...
 Cause Fear               Hex            #.........   100%        4    ######.
 Summon Ice Beast         Ice/Summ       #.......     100%        4    ######.
 Yara's Violent Unravell  Hex/Tmut       #.........   100%        4    ######.
 Metabolic Englaciation   Hex/Ice        #.........   100%        5    #######
 Summon Lightning Spire   Summ/Air       #.......     100%        5    #######
 Infestation              Hex/Tmut/Pois  #........    100%        6    #######
 Discord                  Hex            #.........   100%        7    #######
 Mana Rupture             Conj/Hex       #.........   100%        7    #######


Dungeon Overview and Level Annotations

Branches:
Dungeon (12/12)            Temple (0/1) D:6            Lair (6/6) D:7
  Snake (0/3) Lair:2       Spider (3/3) Lair:3        Slime (0/5) Orc
    Orc (1/1) D:9             Elf (0/3) Lair:5
 Vaults: D:11-12     Depths: D:12

Altars:
Ashenzari
Dithmenos
Elyvilon
Fedhas
Gozag
Kikubaaqudgha
Nemelex Xobeh
Qazlal
Sif Muna
Uskayaw
Xom
Yredelemnul
The Shining One
Jiyva

Shops:
D:4 =   D:6 =?   D:9 ([(:(   D:12 *   Orc [(:*?*

Annotations:
D:8 1 runed translucent door, Finalfun's ghost, novice GnAc
D:11 1 runed translucent door, kuniqs's ghost, journeyman DsFi
D:12 Frances; Louise
Lair:5 Rupert
Lair:6 exclusion: obsidian statue Orc 1 runed door


Innate Abilities, Weirdness & Mutations

You can breathe blasts of scalding, opaque steam.
Your pale cyan-grey scales are hard. (AC +9)
You cannot fit into any form of body armour.
You are cold-blooded and may be slowed by cold attacks.


Message History

The wolf spider hits you.
* * * LOW HITPOINT WARNING * * *
The wolf spider bites you but does no damage.
The moth of wrath goads the emperor scorpion on!
The emperor scorpion goes berserk!
The moth of wrath goads the redback on!
The redback goes berserk!
You hear an angry hiss.
You feel much better.
You feel sick.
You hear an angry hiss.
The wolf spider hits you. The wolf spider bites you.
The redback barely misses you. The redback bites you!
* * * LOW HITPOINT WARNING * * *
The wolf spider hits you!
* * * LOW HITPOINT WARNING * * *
The wolf spider closely misses you. The emperor scorpion stings you!
* * * LOW HITPOINT WARNING * * *
The emperor scorpion claws you.
* * * LOW HITPOINT WARNING * * *
The emperor scorpion claws you.
You die...

..≈^.^^^.# .. ≈.########
... ..≈..†...########
..^.
≈....^.^..≈.§§☼§#####....
....^.^...#☼☼§☼§§$.ss.##.
....^......§☼§§§§..s.≈.≈^
...^......#☼§§§§ss§......
..^^...^..^§§§§syss....!.
^≈########^☼§§§s@ss.s..s.
^..^.^..####§§§☼§s##.^^s.
.......## ###§☼§## ≈##..
......## ##### . .
......# . .....## ..
.....# .≈.^.# # ###.^#
####


You could see an emperor scorpion (berserk), 4 wolf spiders, a moth of wrath, 3
tarantellas and a redback (berserk).

Vanquished Creatures
  A sphinx (Lair:2)
  Kirke (Lair:6)
  2 ghost moths (Spider:3)
  An emperor scorpion (Spider:3)
  An orc warlord (Orc)
  The ghost of foxfromabyss the Bludgeoner, a journeyman DsCK of Jiyva (Spider:1)
  3 dire elephants
  Urug (Lair:5)
  Snorg (Lair:6)
  Erolcha (D:11)
  3 hydras
  2 death knights
  A tengu warrior (D:12)
  3 two-headed ogres (D:10)
  An alligator (Lair:6)
  5 orc high priests (Orc)
  3 centaur warriors
  A spectral anaconda (Lair:6)
  2 orc knights (Orc)
  A phantasmal warrior (D:11)
  4 anaconda skeletons (Lair:2)
  A cyclops (D:8)
  24 wolf spiders
  4 necromancers (Lair:6)
  2 deep elf magi
  4 orc sorcerers (Orc)
  An ugly thing (D:12)
  11 orb spiders
  A manticore (Lair:6)
  19 elephants
  5 black mambas
  A gargoyle (D:12)
  A torpor snail (Lair:5)
  An ice statue (IceCv)
  18 cane toads
  7 rime drakes
  10 demonic crawlers
  2 dire elephant skeletons (Lair:6)
  2 kobold demonologists
  29 jumping spiders
  8 ice devils (IceCv)
  4 komodo dragons
  An eye of draining (shapeshifter) (D:9)
  3 yaktaurs (D:11)
  3 meliai
  A meliai (shapeshifter) (D:11)
  5 trolls
  A polar bear (Lair:5)
  Maurice (D:10)
  4 hornets
  Prince Ribbit (D:5)
  10 blink frogs
  A harpy skeleton (D:12)
  A spectral elephant (Lair:5)
  9 hippogriffs
  Grum (D:9)
  A spriggan (D:8)
  2 wraiths
  A shadow (D:10)
  26 tarantellas
  A dire elephant simulacrum (Lair:6)
  35 yaks
  2 hogs (Lair:6)
  3 basilisks
  A wyvern (D:11)
  A hungry ghost (D:9)
  17 redbacks
  A two-headed ogre zombie (D:9)
  2 wargs (Orc)
  3 spectral cane toads (Lair:6)
  13 crocodiles
  An acid dragon (D:11)
  4 water moccasins
  9 porcupines
  7 ice beasts
  19 orc warriors
  3 phantoms
  6 sky beasts
  A black bear (D:7)
  7 ogres
  2 elephant skeletons (Lair:6)
  12 wolves
  3 kobold brigands
  15 bullfrogs
  A gnoll sergeant (D:4)
  A cane toad simulacrum (Lair:6)
  A wyvern zombie (D:8)
  7 centaurs
  4 scorpions
  A troll zombie (D:9)
  20 wights
  5 orc priests
  6 howler monkeys
  7 crimson imps
  4 hounds
  A bullfrog skeleton (D:5)
  10 orc wizards
  3 iguanas
  9 worker ants
  A killer bee zombie (D:5)
  6 ogre zombies (D:9)
  2 hound zombies
  6 mummies
  2 hound skeletons
  6 gnolls
  2 centaur zombies (Ossuary)
  12 adders
  A howler monkey skeleton (D:6)
  4 shadow imps
  9 white imps
  2 ufetubi (IceCv)
  2 adder zombies
  An ooze (D:1)
  2 adder skeletons
  4 worms (D:2)
  2 dart slugs
  7 leopard geckos
  47 orcs
  5 giant cockroaches
  5 goblins
  3 hobgoblins
  3 jackals (D:5)
  8 quokkas
  4 bats (D:1)
  11 frilled lizards
  2 gnoll zombies (Ossuary)
  2 goblin skeletons (D:9)
  3 hobgoblin zombies
  27 kobolds
  3 kobold zombies (Ossuary)
  3 orc skeletons (D:9)
  18 orc zombies
  4 rats
  2 rat zombies (D:2)
  A fungus (Lair:6)
736 creatures vanquished.

Vanquished Creatures (others)
  A cyclops (D:12)
  2 centaurs (D:12)
  6 white imps (IceCv)
  4 ufetubi (IceCv)
  16 fungi
  20 plants
  22 withered plants (Lair:6)
71 creatures vanquished.

Grand Total: 807 creatures vanquished

Notes
Turn   | Place    | Note
-------+----------+-------------------------------------------
     0 | D:1      | Grijm the Draconian Martial Artist began the quest for the
                  | Orb.
     0 | D:1      | Reached XP level 1. HP: 19/19 MP: 2/2
    32 | D:1      | Reached skill level 1 in Hexes
   174 | D:1      | Reached XP level 2. HP: 20/26 MP: 2/4
   992 | D:2      | Reached XP level 3. HP: 26/31 MP: 6/6
  1050 | D:2      | Reached ** piety under Wu Jian
  1262 | D:2      | Found a shimmering blue altar of Sif Muna.
  1275 | D:2      | Found a sparkling altar of Nemelex Xobeh.
  1305 | D:2      | Found a blossoming altar of Fedhas.
  1447 | D:2      | Found an ancient bone altar of Kikubaaqudgha.
  1749 | D:3      | Reached XP level 4. HP: 40/40 MP: 7/7
  2007 | D:3      | Found a stormy altar of Qazlal.
  2586 | D:4      | Noticed a sky beast
  2604 | D:4      | Reached skill level 5 in Unarmed Combat
  2604 | D:4      | Reached XP level 5. HP: 28/46 MP: 6/8
  2683 | D:4      | Found Runoox's Jewellery Boutique.
  2686 | D:4      | Noticed an ice beast
  2693 | D:4      | Found a white marble altar of Elyvilon.
  2703 | D:4      | Reached *** piety under Wu Jian
  2999 | D:4      | Reached skill level 6 in Unarmed Combat
  2999 | D:4      | Reached XP level 6. HP: 37/52 MP: 9/9
  3066 | D:4      | Noticed a sky beast
  3087 | D:4      | Found a sand-covered staircase.
  3093 | Ossuary  | Entered an ossuary
  3437 | D:4      | Killed a sky beast
  3558 | D:4      | Killed a sky beast
  3559 | D:4      | Reached skill level 7 in Unarmed Combat
  3559 | D:4      | Your scales start taking on a pale cyan-grey colour.
  3559 | D:4      | Reached XP level 7. HP: 59/59 MP: 8/10
  3790 | D:5      | Entered Level 5 of the Dungeon
  3796 | D:5      | Reached skill level 8 in Unarmed Combat
  3998 | D:5      | Reached **** piety under Wu Jian
  4219 | D:5      | Found a hide-covered altar of Uskayaw.
  4326 | D:5      | Noticed Prince Ribbit
  4338 | D:5      | Reached skill level 5 in Fighting
  4338 | D:5      | Reached XP level 8. HP: 54/68 MP: 11/11
  4341 | D:5      | Killed Prince Ribbit
  4559 | D:5      | Reached skill level 9 in Unarmed Combat
  5226 | D:6      | Found a staircase to the Ecumenical Temple.
  5268 | D:6      | Reached skill level 10 in Unarmed Combat
  5301 | D:6      | Reached skill level 1 in Shields
  5484 | D:6      | Noticed a troll
  5492 | D:6      | Killed a troll
  5493 | D:6      | Reached XP level 9. HP: 74/75 MP: 12/12
  5584 | D:6      | Found Qakhagy's Magic Scroll Shop.
  5601 | D:6      | Bought a scroll of remove curse for 42 gold pieces
  5601 | D:6      | Bought a scroll of blinking for 105 gold pieces
  5601 | D:6      | Bought a scroll of identify for 28 gold pieces
  5601 | D:6      | Bought a scroll of identify for 28 gold pieces
  5601 | D:6      | Bought a scroll of identify for 28 gold pieces
  5601 | D:6      | Bought 2 scrolls of fear for 140 gold pieces
  5665 | D:6      | Bought a scroll of vulnerability for 105 gold pieces
  5690 | D:6      | Found Lytilem's Jewellery Shop.
  5913 | D:6      | Found a shattered altar of Ashenzari.
  6306 | D:6      | Reached skill level 1 in Evocations
  6506 | D:6      | Reached skill level 5 in Shields
  6732 | D:7      | Reached skill level 5 in Evocations
  6876 | D:7      | Got a twisted glaive
  7168 | D:7      | Found a staircase to the Lair.
  7239 | D:7      | Reached XP level 10. HP: 74/83 MP: 11/13
  7335 | Lair:1   | Entered Level 1 of the Lair of Beasts
  7392 | Lair:1   | Noticed a cane toad
  7515 | Lair:1   | Killed a cane toad
  7819 | Lair:1   | Noticed a cane toad
  7830 | Lair:1   | Killed a cane toad
  8013 | Lair:1   | Reached skill level 11 in Unarmed Combat
  8093 | Lair:1   | Noticed a cane toad
  8104 | Lair:1   | Killed a cane toad
  8470 | Lair:2   | Found a frozen archway.
  8479 | IceCv    | Entered an ice cave
  8608 | IceCv    | Noticed an ice statue
  8629 | IceCv    | Reached skill level 12 in Unarmed Combat
  8631 | IceCv    | Killed an ice statue
  8633 | IceCv    | Noticed an ice statue
  8910 | IceCv    | Reached XP level 11. HP: 94/94 MP: 14/14
  9878 | Lair:2   | Reached skill level 13 in Unarmed Combat
  9987 | Lair:2   | Reached skill level 14 in Unarmed Combat
 10096 | Lair:2   | Found a staircase to the Snake Pit.
 10096 | Lair:2   | Noticed a sphinx
 10116 | Lair:2   | Killed a sphinx
 10117 | Lair:2   | Reached skill level 5 in Dodging
 10301 | Lair:2   | Reached XP level 12. HP: 87/105 MP: 10/15
 10753 | Lair:3   | Noticed a four-headed hydra
 10764 | Lair:3   | Killed a four-headed hydra
 10765 | Lair:3   | Reached skill level 10 in Fighting
 11234 | Lair:3   | Found a hole to the Spider Nest.
 11978 | Lair:4   | Noticed a six-headed hydra
 11985 | Lair:4   | Killed a six-headed hydra
 12368 | Lair:4   | Reached skill level 10 in Dodging
 12430 | Lair:4   | Got a faintly glowing pewter amulet
 12432 | Lair:4   | Identified the amulet of the Gloaming {Inacc +Inv rF+
                  | Int-5} (You found it on level 4 of the Lair of Beasts)
 12441 | Lair:4   | Got a slimy silver ring
 12453 | Lair:4   | Identified the ring "Gowucum" {Fire Str-2 Int+3 SInv} (You
                  | found it on level 4 of the Lair of Beasts)
 12792 | Lair:5   | Found a staircase to the Elven Halls.
 13112 | Lair:5   | Noticed Urug
 13117 | Lair:5   | Reached XP level 13. HP: 113/113 MP: 16/16
 13120 | Lair:5   | Killed Urug
 13121 | Lair:5   | Reached skill level 15 in Unarmed Combat
 13238 | Lair:5   | Noticed Rupert
 13862 | Lair:6   | Entered Level 6 of the Lair of Beasts
 13875 | Lair:6   | Noticed Snorg
 13880 | Lair:6   | Killed Snorg
 14484 | Lair:6   | Reached skill level 16 in Unarmed Combat
 14735 | Lair:6   | Noticed a dire elephant
 14736 | Lair:6   | Noticed a dire elephant
 14738 | Lair:6   | Noticed a dire elephant
 15044 | Lair:6   | Noticed Kirke
 15054 | Lair:6   | Killed Kirke
 15691 | Lair:6   | Identified the amulet of Sodesut {Reflect rF+ rC+ SH+3}
 16075 | Lair:6   | Reached skill level 17 in Unarmed Combat
 16613 | Lair:6   | Reached ***** piety under Wu Jian
 16614 | Lair:6   | Reached XP level 14. HP: 107/121 MP: 19/19
 17750 | D:6      | Bought an uncursed ring of protection from magic for 300
                  | gold pieces
 17839 | D:8      | Found a runed translucent door.
 17846 | D:8      | Noticed Finalfun's ghost (novice GnAc)
 17868 | D:8      | Found an opulent altar of Gozag.
 17897 | D:8      | Got a fading mace
 18208 | D:8      | Found a basalt altar of Yredelemnul.
 18522 | D:8      | Found a shimmering altar of Xom.
 18595 | D:8      | Found a glowing golden altar of the Shining One.
 18595 | D:8      | Found a shadowy altar of Dithmenos.
 18990 | D:9      | Noticed Grum
 18994 | D:9      | Killed Grum
 19459 | D:9      | Found Seokh's Book Shop.
 19468 | D:9      | Found Ximeycse's Weapon Emporium.
 19624 | D:9      | Found Abujum's Antique Weapon Shoppe.
 19650 | D:9      | Found a staircase to the Orcish Mines.
 19670 | D:9      | Reached skill level 18 in Unarmed Combat
 19679 | Orc      | Entered the Orcish Mines
 19679 | Orc      | Found Nupsiniy's Assorted Antiques.
 19685 | Orc      | Found Hyluirchi's General Store.
 19709 | Orc      | Found Lafuz's Magic Scroll Shoppe.
 19794 | Orc      | Found Funk's Antique Weapon Emporium.
 19972 | Orc      | Bought a scroll of blinking for 90 gold pieces
 20053 | Orc      | Found Gummaaga's Book Shop.
 20224 | Orc      | Noticed an orc warlord
 20225 | Orc      | Found Cyak's Antique Armour Emporium.
 20234 | Orc      | Killed an orc warlord
 20405 | Orc      | Found a runed door.
 20405 | Orc      | Found a viscous altar of Jiyva.
 20407 | Orc      | Noticed an azure jelly
 20411 | Orc      | Found a staircase to the Slime Pits.
 20492 | Orc      | Bought a scroll of enchant armour for 105 gold pieces
 20492 | Orc      | Bought a scroll of fog for 28 gold pieces
 20492 | Orc      | Bought a scroll of revelation for 56 gold pieces
 20492 | Orc      | Bought a scroll of summoning for 140 gold pieces
 20585 | D:9      | Found Coisut's Armour Shop.
 20633 | D:9      | Found Dykula's Weapon Shoppe.
 21073 | D:10     | Entered Level 10 of the Dungeon
 21322 | D:10     | Reached skill level 19 in Unarmed Combat
 21491 | D:10     | Noticed Maurice
 21497 | D:10     | Killed Maurice
 22232 | D:11     | Found a flickering gateway to a bazaar.
 22242 | Bazaar   | Entered a bazaar
 22242 | Bazaar   | Found Wagadafo's Jewellery Boutique.
 22261 | Bazaar   | Found Sateezif's Magic Scroll Shoppe.
 22272 | Bazaar   | Found Muofuetuho's Antique Armour Boutique.
 22283 | Bazaar   | Found Jylu Ocs's Antique Weapon Emporium.
 22291 | Bazaar   | Found Moqejen's General Store.
 22299 | Bazaar   | Bought a scroll of blinking for 75 gold pieces
 22310 | Bazaar   | Bought the ring "Sachal" {*Contam +Fly rElec rPois rC+} for
                  | 439 gold pieces
 22391 | D:11     | Noticed Erolcha
 22413 | D:11     | Killed Erolcha
 22721 | D:11     | Found a runed translucent door.
 22726 | D:11     | Noticed kuniqs's ghost (journeyman DsFi)
 22869 | D:12     | Entered Level 12 of the Dungeon
 22894 | D:12     | Reached XP level 15. HP: 109/126 MP: 21/21
 23011 | D:12     | Found Cuej's Assorted Antiques.
 23085 | D:12     | Noticed Frances
 23087 | D:12     | Noticed Louise
 23090 | D:12     | HP: 4/126 [Frances/+2 halberd of freezing (32)]
 23091 | D:12     | HP: 1/126 [poisoned by Louise (poison arrow)]
 23546 | Spider:1 | Entered Level 1 of the Spider Nest
 23583 | Spider:1 | Reached skill level 20 in Unarmed Combat
 23711 | Spider:1 | Found a large runed translucent door.
 23713 | Spider:1 | Found a large runed translucent door.
 23718 | Spider:1 | Noticed foxfromabyss's ghost (journeyman DsCK)
 23859 | Spider:1 | Reached ****** piety under Wu Jian
 24438 | Spider:1 | Killed foxfromabyss's ghost
 24446 | Spider:1 | Got a brightly glowing large shield
 24457 | Spider:1 | Identified the +7 large shield of the Morning Star {rPois
                  | Str+5 Dex+2 Stlth+} (You found it on level 1 of the Spider
                  | Nest)
 24527 | Spider:2 | Reached skill level 10 in Shields
 25912 | Spider:3 | Entered Level 3 of the Spider Nest
 26287 | Spider:3 | Noticed a ghost moth
 26294 | Spider:3 | Killed a ghost moth
 26966 | Spider:3 | Noticed a ghost moth
 26980 | Spider:3 | Reached XP level 16. HP: 95/134 MP: 0/22
 27266 | Spider:3 | HP: 4/134 [emperor scorpion (15)]
 27266 | Spider:3 | HP: 1/134 [emperor scorpion (3)]
 27266 | Spider:3 | Slain by an emperor scorpion

Skill      XL: |  1  2  3  4  5  6  7  8  9 10 11 12 13 14 15 16 |
---------------+-------------------------------------------------+-----
Hexes          | 1 2 |  2.0
Spellcasting   | 2 |  2.0
Fighting       | 4 5 6 8 9 10 | 10.0
Unarmed Combat | 5 6 7 8 10 12 14 17 19 20 | 20.0
Dodging        | 3 4 5 10 | 10.0
Shields        | 3 7 8 12 13 | 13.3
Evocations     | 5 7 8 |  8.0
Stealth        | |  1.0

Action                   |  1- 3 |  4- 6 |  7- 9 | 10-12 | 13-15 | 16-18 || total
-------------------------+-------+-------+-------+-------+-------+-------++-------
Melee: Unarmed           |   139 |   166 |   336 |   477 |  1423 |    43 ||  2584
       Tailslap          |    12 |    18 |    49 |    78 |   206 |     4 ||   367
       Punch             |     2 |     5 |     6 |       |       |       ||    13
Throw: Tomahawk          |       |    13 |    12 |    16 |   123 |     9 ||   173
 Cast: Confusing Touch   |       |     6 |       |       |       |       ||     6
Invok: Heavenly Storm    |       |       |     1 |     7 |     9 |     1 ||    18
 Abil: Lunge             |    19 |    21 |    27 |    25 |   102 |     2 ||   196
       Whirlwind         |    19 |    49 |    51 |   156 |   321 |    28 ||   624
       Serpent's Lash    |       |     3 |     4 |    12 |    13 |       ||    32
       Breathe Steam     |       |       |    13 |    21 |    21 |       ||    55
       Wall Jump         |       |       |       |       |     2 |       ||     2
       Evoke Berserk Rag |       |       |       |       |     3 |       ||     3
       Evoke Flight      |       |       |       |       |       |     1 ||     1
Evoke: Wand              |       |       |       |     6 |     8 |       ||    14
       Fan of gales      |       |       |       |       |     1 |       ||     1
  Use: Scroll            |       |     1 |     4 |    16 |    15 |       ||    36
       Potion            |       |       |       |     2 |     2 |     1 ||     5
 Stab: Sleeping          |     4 |     1 |     3 |     2 |     3 |       ||    13
       Distracted        |       |       |       |       |     4 |       ||     4
  Eat: Chunk             |     5 |     5 |    13 |    25 |    69 |     3 ||   120
       Ration            |       |     1 |     3 |     2 |     4 |       ||    10
Armor: Skin              |    23 |    24 |    55 |    72 |   201 |    10 ||   385
Dodge: Dodged            |    57 |    58 |   104 |   102 |   312 |    12 ||   645
Block: Medium shield     |       |       |    66 |   186 |   473 |       ||   725
       Reflection        |       |       |       |       |    18 |       ||    18
       Large shield      |       |       |       |       |   265 |    42 ||   307
